 Dungeon Crawl Stone Soup version 0.22-a0-756-gc33bbe721d (webtiles) character file.

271 RedPan the Firebug (level 6, -1/53 HPs)
             Began as an Ogre Fire Elementalist on July 16, 2018.
             Slain by a sky beast (5 damage)
             ... on level 5 of the Dungeon.
             The game lasted 00:08:23 (5121 turns).

RedPan the Firebug (Ogre Fire Elementalist)         Turns: 5121, Time: 00:08:24

Health: -1/53      AC:  4    Str: 13    XL:     6   Next: 23%
Magic:  1/11       EV: 10    Int: 18    God:
Gold:   129        SH:  0    Dex: 12    Spells: 2/12 levels left

rFire    . . .     SeeInvis .   f - +1 dagger
rCold    . . .     Gourm    .   (no shield)
rNeg     . . .     Faith    .   a - +0 robe
rPois    .         Spirit   .   (helmet restricted)
rElec    .         Reflect  .   i - +0 cloak
rCorr    .         Harm     .   (gloves unavailable)
MR       .....                  (boots unavailable)
Stlth    ++........             (no amulet)
HPRegen  0.17/turn              n - +3 ring of dexterity
MPRegen  0.12/turn              (no ring)

@: no status effects
A: large, unfitting armour, tough skin 1
a: no special abilities


You were on level 5 of the Dungeon.
You were not hungry.

You visited 1 branch of the dungeon, and saw 5 of its levels.

You collected 129 gold pieces.

Inventory:

Hand Weapons
 f - a +1 dagger (weapon)
Armour
 a - a +0 robe (worn)
 i - a +0 cloak (worn)
Jewellery
 n - a +3 ring of dexterity (left hand)
Scrolls
 p - a scroll of amnesia
Potions
 b - a potion of resistance
 d - 2 potions of cancellation
 e - a potion of agility
 g - a potion of invisibility
 h - a potion of might {unknown}
 k - a potion of brilliance {unknown}
 l - a potion of flight {unknown}
 m - a potion of lignification {unknown}
Comestibles
 c - 6 rations
 j - 2 chunks of flesh


   Skills:
 - Level 1.7 Dodging
 - Level 1.4 Stealth
 + Level 3.7 Spellcasting
 * Level 3.4 Conjurations
 * Level 4.4 Fire Magic


You had 2 spell levels left.
You knew the following spells:

 Your Spells              Type           Power        Failure   Level  Hunger
a - Flame Tongue          Conj/Fire      ###..        3%          1    None
b - Throw Flame           Conj/Fire      ###...       4%          2    ##.....
c - Conjure Flame         Conj/Fire      ###.....     9%          3    ###....
d - Sticky Flame          Conj/Fire      ###.....     30%         4    ####...

Your spell library contained the following spells:

 Spells                   Type           Power        Failure   Level  Hunger
 Magic Dart               Conj           ###.         3%          1    None
 Fireball                 Conj/Fire      ###.......   63%         5    ######.
 Iskenderun's Mystic Bla  Conj           ###.....     34%         4    ####...
 Inner Flame              Hex/Fire       ##......     19%         3    ###....
 Fulminant Prism          Conj/Hex       #.........   58%         4    ####...
 Dazzling Spray           Conj/Hex       #.....       22%         3    ###....
 Force Lance              Conj/Tloc      #.......     58%         4    ####...
 Searing Ray              Conj           ###...       5%          2    ##.....


Dungeon Overview and Level Annotations

Branches:
Dungeon (5/15)
 Temple: D:4-7

Altars:
Cheibriados
Gozag
Qazlal
Wu Jian
Yredelemnul
The Shining One

Annotations:
D:4 Eustachio


Innate Abilities, Weirdness & Mutations

You are too large for most types of armour.
You have tough skin. (AC +1)


Message History

* * * LOW HITPOINT WARNING * * *
Something shocks you.
* * * LOW HITPOINT WARNING * * *
Casting: Flame Tongue (safe; 3% risk of failure)
Confirm with . or Enter, or press ? or * to list all spells.
You don't know that spell.
Unknown command.
Casting: Flame Tongue (safe; 3% risk of failure)
Confirm with . or Enter, or press ? or * to list all spells.
Aiming: Flame Tongue (safe; 3% risk of failure)
Press: ? - help, Shift-Dir - straight line Something hits you but does no damage.
Casting: Flame Tongue (safe; 3% risk of failure)
Confirm with . or Enter, or press ? or * to list all spells.
Aiming: Flame Tongue (safe; 3% risk of failure)
Press: ? - help, Shift-Dir - straight line The flame tongue hits something.
Something hits you.
* * * LOW HITPOINT WARNING * * *
Something shocks you.
You die...

# .## ...
##.#
#.).###
#...@.#
#..{#.#
#####.#
####.####
#.......#
#.##.##.#
#.##.##.#
#....##.#
#..####.#


There were no monsters in sight!

Vanquished Creatures
  2 howler monkeys
  A worker ant (D:4)
  3 gnolls (D:4)
  7 adders
  3 worms
  A dart slug (D:1)
  5 leopard geckos
  An orc (D:5)
  8 bats
  2 giant cockroaches
  4 goblins
  6 hobgoblins
  4 jackals (D:2)
  8 kobolds
  2 quokkas
  2 frilled lizards
  A jackal skeleton (D:4)
  9 rats
  A spectral orc (D:2)
70 creatures vanquished.

Notes
Turn   | Place    | Note
-------+----------+-------------------------------------------
     0 | D:1      | RedPan the Ogre Fire Elementalist began the quest for the Orb.
     0 | D:1      | Reached XP level 1. HP: 16/16 MP: 3/3
    82 | D:1      | Reached skill level 1 in Conjurations
   225 | D:1      | Reached XP level 2. HP: 21/24 MP: 0/5
   360 | D:1      | Reached skill level 3 in Fire Magic
   481 | D:1      | Learned a level 2 spell: Throw Flame
   817 | D:1      | Reached XP level 3. HP: 31/31 MP: 0/7
   887 | D:1      | Learned a level 3 spell: Conjure Flame
  1691 | D:2      | Found a glowing golden altar of the Shining One.
  1943 | D:2      | Found a basalt altar of Yredelemnul.
  2015 | D:2      | Reached XP level 4. HP: 31/39 MP: 4/8
  2239 | D:2      | Found a stormy altar of Qazlal.
  2985 | D:4      | Noticed Eustachio
  3384 | D:4      | HP: 1/39 [iron imp[Eustachio] (4)]
  3881 | D:4      | Reached XP level 5. HP: 29/45 MP: 6/9
  4204 | D:4      | Reached skill level 4 in Fire Magic
  4329 | D:4      | Learned a level 4 spell: Sticky Flame
  4368 | D:4      | Found a snail-covered altar of Cheibriados.
  4368 | D:4      | Found an opulent altar of Gozag.
  4369 | D:4      | Found an ornate altar of the Wu Jian Council.
  4844 | D:5      | Entered Level 5 of the Dungeon
  4865 | D:5      | Reached XP level 6. HP: 53/53 MP: 7/11
  5109 | D:5      | Noticed a sky beast
  5121 | D:5      | Slain by a sky beast

Vault maps used:
D:1:      saegor_arrival_under_anarchy, hangedman_glass_teeth,
          minmay_misc_feat_four_crosses, corexii_leaking_fountain
D:2:      nicolae_qazlal_eye_of_the_storm, yredelemnul_forgotten_temple_becter,
          skrybe_limestone_x, hangedman_decor_clover_reticule, tso_metal_star
D:4:      gammafunk_temple_overflow_forgotten, first_ration, uniq_eustachio
D:5:      okawaru_metal_pillars_1_2, uniq_crazy_yiuf_cottage

Skill      XL: |  1  2  3  4  5 |
---------------+----------------+-----
Conjurations   | 1 2 3 |  3.4
Fire Magic     | 3 4 |  4.4
Spellcasting   | 3 |  3.7
Dodging        | |  1.7
Stealth        | |  1.4

Action                   |  1- 3 |  4- 6 || total
-------------------------+-------+-------++-------
Melee: Unarmed           |    17 |       ||    17
       Club              |     4 |       ||     4
       Dagger            |    30 |    30 ||    60
 Cast: Flame Tongue      |    79 |   108 ||   187
       Conjure Flame     |       |     2 ||     2
  Use: Scroll            |       |     7 ||     7
 Stab: Sleeping          |     1 |       ||     1
  Eat: Ration            |     1 |       ||     1
       Chunk             |       |    10 ||    10
Armor: Robe              |    30 |    63 ||    93
Dodge: Dodged            |    64 |    85 ||   149

Table legend:
 A = Spawn XP
 B = Non-spawn XP
 C = Spawn XP percentage of total XP
 D = Spawn monster count
 E = Non-spawn monster count
 F = Spawn count percentage of total count
 G = Total turns spent on level
                    A         B        C        D         E        F      G
               +---------+---------+-------+---------+---------+-------+---------
         Total |       0 |     388 |   0.0 |       0 |      70 |   0.0 |  5121
               +---------+---------+-------+---------+---------+-------+---------
           D:1 |       0 |      39 |   0.0 |       0 |      22 |   0.0 |  1067
           D:2 |       0 |      51 |   0.0 |       0 |      20 |   0.0 |  1336
           D:3 |       0 |      59 |   0.0 |       0 |      15 |   0.0 |  1290
           D:4 |       0 |     165 |   0.0 |       0 |      10 |   0.0 |  1154
           D:5 |       0 |      74 |   0.0 |       0 |       3 |   0.0 |   274
               +---------+---------+-------+---------+---------+-------+---------
